 Dungeon Crawl Stone Soup version 0.31-a0-981-geadf994542 (webtiles) character file.

Game seed: 16999551519403481136

1911 IdlyInterested the Martial Artist (level 9, -6/54 HPs)
             Began as a Tengu Shapeshifter on Nov 1, 2023.
             Mangled by a wight
             ... wielding a +2 halberd
              (8 damage)
             ... on level 6 of the Dungeon.
             The game lasted 00:15:43 (4804 turns).

IdlyInterested the Martial Artist (TeSh)            Turns: 4804, Time: 00:15:44

Health: -6/54      AC:  8    Str: 15    XL:     9   Next: 16%
Magic:  10/10      EV: 11    Int: 11    God:
Gold:   238        SH:  0    Dex: 17    Spells: 8/8 levels left

rFire   . .          .
                       - Unarmed
rCold   . . .        (no shield)
rNeg    . . .        g - +0 chain mail
rPois   .            (helmet currently unavailable)
rElec   .            x - melded +0 cloak
rCorr   +            a - melded +0 pair of gloves
SInv    .            (boots unavailable)
Will    .....        (no amulet) Stlth
                     K - ring of resist corrosion
HPRegen 0.29/turn    (no ring)
MPRegen 0.12/turn

%: acrobat
@: beast-form, flying
A: beast (slay +4), flying, beak, talons 3, evasive flight, acrobatic
a: Begin Untransformation


You were on level 6 of the Dungeon.
You were a hulking beast.
You visited 2 branches of the dungeon, and saw 7 of its levels.

You collected 238 gold pieces.

Inventory:

Hand Weapons
 q - a +0 rapier
 y - a +4 quarterstaff of chaos
 B - a +2 rapier of chaos
 C - a +0 short sword of draining
 E - a +1 rapier of distortion
 F - a +0 whip of pain
Missiles
 e - 67 stones (quivered)
 i - a curare-tipped dart
 D - 9 poisoned darts
Armour
 a - a +0 pair of gloves (melded)
 g - a +0 chain mail (worn)
 n - a +0 leather armour
 v - a +0 ring mail
 x - a +0 cloak (melded)
Jewellery
 o - a ring of wizardry
 H - a ring of magical power
 K - a ring of resist corrosion (left hand)
Talismans
 c - a beast talisman (active)
 d - a flux talisman
 A - a serpent talisman
Wands
 G - a wand of light (9)
Scrolls
 h - a scroll of blinking
 l - a scroll of torment
 m - 3 scrolls of teleportation
 t - a scroll of fog
 u - a scroll of revelation
 w - a scroll of immolation {unknown}
 z - a scroll of poison {unknown}
 I - a scroll of amnesia {unknown}
 L - a scroll of vulnerability {unknown}
Potions
 b - a potion of lignification
 f - a potion of magic {unknown}
 j - a potion of invisibility {unknown}
 k - 2 potions of heal wounds
 p - a potion of attraction {unknown}
 r - a potion of enlightenment {unknown}
 s - a potion of brilliance
 J - a potion of might {unknown}
 M - a potion of haste {unknown}


   Skills:
 + Level 5.1 Fighting
 - Level 1.0 Throwing
 - Level 1.0 Armour
 - Level 2.1 Dodging
 - Level 1.0 Stealth
 - Level 8.0 Unarmed Combat
 - Level 1.0 Evocations
 - Level 7.0 Shapeshifting


You had 8 spell levels left.
You didn't know any spells.
Your spell library contained the following spells:

 Spells                   Type           Power      Damage    Failure   Level
 Apportation              Tloc           0%         N/A       99%         1
 Sandblast                Erth           0%         2d4       99%         1
 Jinxbite                 Hex            0%         N/A       100%        2
 Passwall                 Tmut/Erth      0%         N/A       100%        2
 Ignite Poison            Fire/Tmut/Pois 0%         N/A       100%        3
 Stone Arrow              Conj/Erth      0%         3d7       100%        3
 Animate Armour           Summ/Erth      0%         N/A       100%        4
 Brom's Barrelling Bould  Conj/Erth      0%         2d3       100%        4
 Sticky Flame             Conj/Fire      0%         2d3       100%        4
 Alistair's Intoxication  Tmut/Pois      0%         N/A       100%        5
 Haunt                    Necr/Summ      0%         N/A       100%        7
 Borgnjor's Revivificati  Necr           0%         N/A       100%        8
 Ignition                 Fire           0%         3d3       100%        8
 Lehudib's Crystal Spear  Conj/Erth      0%         10d2      100%        8
 Death's Door             Necr           0%         N/A       100%        9


Dungeon Overview and Level Annotations

Branches:
Dungeon (6/15)             Temple (1/1) D:5

Altars:
Ashenzari
Cheibriados
Dithmenos
Elyvilon
Hepliaklqana
Kikubaaqudgha
Nemelex Xobeh
Okawaru
Qazlal
Ru
Sif Muna
Trog
Uskayaw
Vehumet
Wu Jian
Xom
Yredelemnul
The Shining One


Innate Abilities, Weirdness & Mutations

You are a hulking beast.
Your limbs bulge with bestial killing power. (Slay +4)
You are flying.
You have a beak for a mouth.
You have claws for feet.
Your magical flight helps you evade attacks. (EV +4)
You can magically evade attacks while moving or waiting.


Message History

The steam dragon bites you but does no damage.
The steam dragon claws you but does no damage.
The jelly hits you but does no damage.
You hit the steam dragon but do no damage.
You claw the steam dragon! Your peck misses the steam dragon.
The steam dragon is almost dead.
You are engulfed in a cloud of scalding steam.
You barely miss the steam dragon. You claw the steam dragon.
You kill the steam dragon!
You are engulfed in a cloud of scalding steam.
* * * LOW HITPOINT WARNING * * *
The jelly hits you.
* * * LOW HITPOINT WARNING * * *
You are splashed with acid.
You resist.
* * * LOW HITPOINT WARNING * * *
Training target 8.0 for Unarmed Combat reached!
Your Unarmed Combat skill increases to level 8!
You need to enable at least one skill for training.
You feel much better.
A wight comes into view. It is wielding a +2 halberd.
The jelly hits you.
You are splashed with acid.
You resist.
You punch the jelly!
Your hands burn!
You claw the jelly.
You kill the jelly!
Found a hide-covered altar of Uskayaw. 2 wights and an iguana come into view.
The iguana hisses angrily.
The wight moves out of view.
You see here a steam dragon corpse.
The wight completely misses you.
You hit the iguana.
The iguana is lightly wounded.
The iguana bites you!
The wight hits you from afar with a +2 halberd!
* * * LOW HITPOINT WARNING * * *
You completely miss the iguana. You claw the iguana.
Your peck misses the iguana.
The iguana is moderately wounded.
The iguana barely misses you.
The wight hits you from afar with a +2 halberd!
You die...

.......... .........
#+## .........### .⌠.#
........##.##....#
#.....8..$#._..#
..#........$#....
.....#.zzz.$#....
....###.8l.$#._. ..
........##h## ...
#........### ....
#.........#####+##.....
#......................
#..........##..........
.......................
........#....#........#
...>....##..##.......#.
.......##...#..........


You could see an iguana and 3 wights.

Vanquished Creatures
  2 kobold demonologists (D:5)
  A steam dragon (D:6)
  A water moccasin (D:5)
  A black bear (D:5)
  A centaur (D:5)
  2 kobold brigands
  A bullfrog (D:6)
  2 scorpions
  The ghost of lunkers the Insei, a weakling MeSh (D:3)
  A howler monkey (D:6)
  A jelly (D:6)
  3 hounds
  Crazy Yiuf (D:2)
  2 orc priests
  Terence (D:3)
  A sleepcap (D:5)
  3 iguanas
  2 orc wizards
  9 adders
  A white imp (D:5)
  A worm (D:2)
  2 dart slugs
  15 orcs
  8 ball pythons
  4 endoplasms
  3 giant cockroaches
  8 goblins
  12 hobgoblins
  6 quokkas
  10 bats
  3 frilled lizards
  17 kobolds
  12 rats
138 creatures vanquished.

Notes
Turn   | Place    | Note
-------+----------+-------------------------------------------
     0 | D:1      | IdlyInterested the Tengu Shapeshifter began the quest for
                  | the Orb.
     0 | D:1      | Reached XP level 1. HP: 12/12 MP: 2/2
    87 | D:1      | Reached XP level 2. HP: 16/16 MP: 3/3
   104 | D:1      | Reached skill level 1 in Armour
   605 | D:1      | Reached XP level 3. HP: 20/20 MP: 4/4
   684 | D:1      | Reached skill level 1 in Throwing
   852 | D:2      | Found a bloodstained altar of Trog.
   999 | D:2      | Reached skill level 1 in Stealth
  1124 | D:2      | Found a runed translucent door.
  1125 | D:2      | Noticed Crazy Yiuf
  1239 | D:2      | Reached XP level 4. HP: 25/25 MP: 5/5
  1497 | D:2      | You fall into a shaft and drop 1 floor!
  1569 | D:3      | Reached skill level 4 in Unarmed Combat
  1756 | D:2      | Killed Crazy Yiuf
  1990 | D:3      | Reached XP level 5. HP: 29/29 MP: 6/6
  2033 | D:3      | Noticed Terence
  2050 | D:3      | Killed Terence
  2150 | D:3      | Found a runed translucent gate.
  2150 | D:3      | Found a runed translucent gate.
  2150 | D:3      | Found a runed translucent gate.
  2151 | D:3      | Noticed lunkers's ghost (weakling MeSh)
  2153 | D:3      | Noticed a kobold brigand
  2427 | D:3      | Reached skill level 1 in Evocations
  2461 | D:3      | Reached XP level 6. HP: 34/34 MP: 7/7
  2724 | D:3      | Killed lunkers's ghost
  2725 | D:3      | Reached skill level 5 in Unarmed Combat
  2889 | D:4      | Reached skill level 5 in Shapeshifting
  3079 | D:4      | Gained mutation: Your magical flight helps you evade
                  | attacks. (EV +4) [Tengu growth]
  3079 | D:4      | Reached XP level 7. HP: 29/39 MP: 8/8
  3723 | D:5      | Entered Level 5 of the Dungeon
  4168 | D:5      | HP: 2/40 [poisoned by a water moccasin]
  4320 | D:5      | Noticed a kobold demonologist
  4321 | D:5      | Noticed a kobold demonologist
  4330 | D:5      | Noticed a neqoxec
  4336 | D:5      | Killed a kobold demonologist
  4337 | D:5      | Reached XP level 8. HP: 45/48 MP: 9/9
  4338 | D:5      | Noticed a hellwing
  4340 | D:5      | Killed a kobold demonologist
  4341 | D:5      | Reached skill level 5 in Fighting
  4378 | D:5      | Reached skill level 6 in Unarmed Combat
  4378 | D:5      | Found a staircase to the Ecumenical Temple.
  4414 | Temple   | Entered the Ecumenical Temple
  4611 | D:5      | Reached skill level 7 in Unarmed Combat
  4611 | D:5      | Reached XP level 9. HP: 48/54 MP: 10/10
  4787 | D:6      | Found an ornate altar of the Wu Jian Council.
  4795 | D:6      | Reached skill level 8 in Unarmed Combat
  4797 | D:6      | Found a hide-covered altar of Uskayaw.
  4803 | D:6      | HP: 1/54 [wight/+2 halberd (16)]
  4804 | D:6      | Mangled by a wight

Illustrated notes

Levels and vault maps discovered:
D:1:      scummos_arrival_simple_fountains, layout_loops_ring
D:2:      layout_loops_cross, basic_altar, hangedman_decor_riveting,
          uniq_crazy_yiuf_cottage
D:3:      layout_basic, gammafunk_ghost_nasty_kobolds, mrwooster_statue_mirror,
          minmay_fractal_squares_gapless_5, uniq_terence
D:4:      layout_cave_pods
D:5:      layout_loops_ring, minmay_temple_entry_wispy
D:6:      layout_cave_pools, mainiacjoe_overflow_concentric_impassable,
          jmf_multi_god_temple, serial_shops, shop, serial_gnoll_camp,
          gnoll_camp_medium_02, gnoll_camp_huts_basic, gnoll_camp_mini_sergeant,
          gnoll_camp_mini_hut, gnoll_camp_mini_hut
Temple:   compressed_dpeg_triangle_lava_temple

Skill      XL: |  1  2  3  4  5  6  7  8  9 |
---------------+----------------------------+-----
Armour         | 1 |  1.0
Shapeshifting  | 3 4 5 6 7 |  7.0
Throwing       | 1 |  1.0
Stealth        | 1 |  1.0
Unarmed Combat | 4 5 7 8 |  8.0
Evocations     | 1 |  1.0
Fighting       | 3 5 |  5.1
Dodging        | |  2.1

Action                     |  1- 3 |  4- 6 |  7- 9 || total
---------------------------+-------+-------+-------++-------
  Melee: Unarmed           |    97 |   140 |   112 ||   349
         Peck              |    11 |    25 |    18 ||    54
         Kick              |    19 |    56 |    39 ||   114
         Punch             |     1 |       |     2 ||     3
    Use: Potion            |     2 |     1 |     2 ||     5
         Scroll            |     1 |     3 |     1 ||     5
   Stab: Sleeping          |     4 |       |       ||     4
 Armour: Animal skin       |    22 |       |       ||    22
         Leather armour    |    15 |     7 |       ||    22
         Ring mail         |       |    11 |       ||    11
         Chain mail        |       |    34 |    77 ||   111
  Dodge: Dodged            |    82 |    71 |    62 ||   215
   Form: Beast             |       |     3 |       ||     3
                           |       |     2 |       ||     2

Table legend: (Time is in decaauts)
 A = Elapsed time spent in this place.
 B = Non-inter-level travel time spent in this place.
 C = Inter-level travel time spent in this place.
 D = Time resting spent in this place.
 E = Time spent auto-exploring this place.
 F = Levels seen in this place.
 G = Mean time per level.
                   A        B        C        D        E       F      G
               +--------+--------+--------+--------+--------+-----+--------+
         Total |   4771 |   4465 |    306 |    689 |   2684 |   7 |  681.6 |
       Dungeon |   4769 |   4463 |    306 |    689 |   2684 |   6 |  794.8 |
        Temple |      1 |      1 |      0 |      0 |      0 |   1 |    1.0 |
               +--------+--------+--------+--------+--------+-----+--------+

Top non-repeatable levels by time:
     D:5: 1008 daAuts
     D:2: 968 daAuts
     D:3: 965 daAuts
     D:4: 918 daAuts
     D:1: 849 daAuts
     D:6: 60 daAuts
  Temple: 1 daAuts
